 Dungeon Crawl Stone Soup version 0.31-a0-704-g1016066182 (webtiles) character file.

Game seed: 2661641752308410867

7626 Gargoyl the Protected (level 11, -14/68 HPs)
             Began as a Gargoyle Berserker on Sept 9, 2023.
             Was a Priest of Trog.
             Demolished by a komodo dragon (19 damage)
             ... on level 1 of the Lair of Beasts.
             The game lasted 00:13:54 (7965 turns).

Gargoyl the Protected (Gargoyle Berserker)          Turns: 7965, Time: 00:13:54

Health: -14/68     AC: 23    Str: 28    XL:     11   Next: 18%
Magic:  11/11      EV: 13    Int:  7    God:    Trog [***...]
Gold:   534        SH:  0    Dex: 13    Spells: 10/10 levels left

rFire   . . .        G - +4 hand axe
rCold   . . .        C - orb "Ceuji" {light, Harm Str+6}
rNeg    + . .        E - +0 acid dragon scales
rPois   ∞            j - +0 helmet
rElec   +            f - +0 cloak
rCorr   +            l - +0 pair of gloves
SInv    .            m - +2 pair of boots {rampage}
Will    ++...        (no amulet)
Stlth   +            (no ring)
HPRegen 1.31/turn    (no ring)
MPRegen 0.12/turn

%: harm (+30% outgoing, +20% incoming), rampage
@: strong-willed, on berserk cooldown, regenerating, hasted and slowed, glowing,
studying Shields
A: sickness immunity, AC +8, negative energy resistance 1, electricity
resistance, torment resistance 1, petrification resistance
a: Renounce Religion, Berserk, Trog's Hand


You were on level 1 of the Lair of Beasts.
You worshipped Trog.
Trog was most pleased with you.
You visited 2 branches of the dungeon, and saw 9 of its levels.

You collected 534 gold pieces.

Inventory:

Hand Weapons
 q - a +2 scimitar
 v - the +4 short sword of the Endless Expanse {venom, Will+ Str+3 Int+2}
   (You found it on level 6 of the Dungeon)

   Str+3:     It affects your strength (+3).
   Int+2:     It affects your intelligence (+2).
   Will+:     It increases your willpower.
 y - a +3 trident of draining
 F - a +3 hand axe
 G - a +4 hand axe (weapon)
Armour
 e - a +0 buckler
 f - a +0 cloak (worn)
 j - a +0 helmet (worn)
 l - a +0 pair of gloves (worn)
 m - a +2 pair of boots of rampaging (worn)
 C - the orb "Ceuji" (worn) {light, Harm Str+6}
   (You found it on level 8 of the Dungeon)

   Str+6:     It affects your strength (+6).
   Harm:      It increases damage dealt and taken.
 E - +0 acid dragon scales (worn)
Jewellery
 d - a ring of magical power
 z - an amulet of magic regeneration
Wands
 b - a wand of iceblast (6)
 t - a wand of flame (27)
Scrolls
 c - 3 scrolls of immolation
 i - 2 scrolls of poison
 r - a scroll of torment
 A - a scroll of enchant armour
 B - 2 scrolls of identify
Potions
 g - a potion of resistance
 h - 2 potions of attraction
 k - 4 potions of curing
 n - 3 potions of enlightenment
 s - a potion of degeneration {unknown}
 w - a potion of lignification {unknown}
 x - a potion of experience {unknown}


   Skills:
 + Level 8.1 Fighting
 + Level 6.9 Short Blades
 + Level 8.3 Axes
 + Level 8.6 Armour
 + Level 4.6 Dodging
 + Level 1.7 Stealth
 + Level 5.1 Shields


You had 10 spell levels left.
You didn't know any spells.
Your spell library was empty.

Dungeon Overview and Level Annotations

Branches:
Dungeon (8/15)             Temple (0/1) D:4            Lair (1/5) D:8

Altars:
Dithmenos
Trog

Shops:
D:1 [   D:4 *

Annotations:
D:7 3 runed translucent doors, mn3067's ghost, novice TrSh


Innate Abilities, Weirdness & Mutations

You are immune to sickness and miasma.
Your stone body is resilient. (AC +8)
You are immune to poison.
You resist negative energy. (rN+)
You are resistant to electric shocks. (rElec)
You are resistant to unholy torment.
You are immune to petrification.


Message History

The yak looks more healthy.
You pick up a manual of Shields and begin studying.
The water moccasin bites you but does no damage.
The water moccasin completely misses you.
What are your orders? t - Shout!
Orders for allies: a - Attack new target. r - Retreat! s - Stop attacking. g - Guard the area. f - Follow me.
Anything else - Cancel.
Okay, then.
Okay, then.
It was a potion of haste.
You feel yourself speed up. The water moccasin closely misses you.
The water moccasin misses you.
The +4 short sword of the Endless Expanse {venom, Will+ Str+3 Int+2} stops dripping with poison.
G - a +4 hand axe (weapon)
The water moccasin bites you.
* * * LOW HITPOINT WARNING * * *
Unknown command.
You feel much better. The water moccasin bites you!
You slash the water moccasin!
The water moccasin is heavily wounded.
You hit the yak. The water moccasin closely misses you.
The yak gores you but does no damage. The water moccasin barely misses you.
Unknown command.
You slash the water moccasin!
You kill the water moccasin!
Trog accepts your kill.
You hit the komodo dragon. You hit the yak. The komodo dragon bites you!
* * * LOW HITPOINT WARNING * * *
The yak gores you but does no damage.
Unknown command.
You feel much better. The komodo dragon bites you!
* * * LOW HITPOINT WARNING * * *
The yak misses you. The yak gores you!
* * * LOW HITPOINT WARNING * * *
Unknown command.
You feel as though your hastened speed will last longer.
The komodo dragon bites you!
You die...

#
##P#######.############
..........>...........#
................l.....#
...............Y.†....#
..................<...#
......................P#
........l..............#
?.....†@Y..............#
........Y.............##
###P#########...#######
# ####


You could see a komodo dragon and 2 yaks.

Vanquished Creatures
  An ugly thing (D:8)
  Jeremiah (D:7)
  A troll (D:7)
  Eustachio (D:5)
  7 yaks
  3 steam dragons
  Menkaure (D:7)
  2 water moccasins
  An acid dragon (D:8)
  4 ice beasts
  2 sky beasts
  3 orc warriors
  2 black bears
  2 ogres (D:6)
  4 centaurs
  2 kobold brigands (D:8)
  A phantom (D:7)
  5 bullfrogs
  5 scorpions
  A gnoll sergeant (D:7)
  20 wights
  A killer bee (D:8)
  A howler monkey (D:8)
  A centaur zombie (D:3)
  4 hounds
  2 gnoll boudas
  2 orc priests
  4 jellies
  4 sleepcaps
  5 iguanas
  2 orc wizards
  A scorpion zombie (D:3)
  Terence (D:3)
  A hound skeleton (D:3)
  Robin (D:3)
  13 gnolls
  9 adders
  6 river rats (D:6)
  2 shadow imps
  A white imp (D:6)
  An ufetubus (D:6)
  An adder zombie (D:3)
  5 worms
  An adder skeleton (D:3)
  4 dart slugs
  28 orcs
  3 ball pythons
  6 endoplasms
  7 giant cockroaches
  15 goblins
  7 hobgoblins
  4 jackals (D:1)
  6 quokkas
  A ball python skeleton (D:3)
  6 bats
  2 frilled lizards (D:1)
  A jackal zombie (D:3)
  17 kobolds
  A quokka skeleton (D:3)
  20 rats
266 creatures vanquished.

Notes
Turn   | Place    | Note
-------+----------+-------------------------------------------
     0 | D:1      | Gargoyl the Gargoyle Berserker began the quest for the Orb.
     0 | D:1      | Reached XP level 1. HP: 14/14 MP: 1/1
   152 | D:1      | Reached XP level 2. HP: 19/19 MP: 2/2
   481 | D:1      | Found Ylubiu Oliu's Armour Boutique.
   525 | D:1      | Reached XP level 3. HP: 1/23 MP: 3/3
   962 | D:2      | Reached ** piety under Trog
   970 | D:2      | Found a faded altar of an unknown god.
  1177 | D:2      | Reached XP level 4. HP: 28/29 MP: 4/4
  1698 | D:3      | Noticed Terence
  1705 | D:3      | Reached XP level 5. HP: 21/33 MP: 5/5
  1710 | D:3      | Killed Terence
  1847 | D:3      | Reached skill level 1 in Shields
  1980 | D:3      | Noticed Robin
  1988 | D:3      | Reached XP level 6. HP: 38/38 MP: 6/6
  1992 | D:3      | Killed Robin
  2376 | D:4      | Found Rapp's Neck Hole.
  2407 | D:4      | Reached *** piety under Trog
  2520 | D:4      | Found a staircase to the Ecumenical Temple.
  2600 | D:4      | Found a shadowy altar of Dithmenos.
  2706 | D:5      | Entered Level 5 of the Dungeon
  2742 | D:5      | Noticed Eustachio
  2771 | D:5      | Killed Eustachio
  2772 | D:5      | Reached skill level 5 in Axes
  2772 | D:5      | Reached XP level 7. HP: 44/44 MP: 7/7
  2817 | D:5      | Reached skill level 5 in Armour
  3361 | D:5      | Reached skill level 5 in Fighting
  3361 | D:5      | Reached XP level 8. HP: 48/49 MP: 8/8
  3971 | D:6      | Reached XP level 9. HP: 55/55 MP: 9/9
  4156 | D:6      | Identified the +4 short sword of the Endless Expanse
                  | {venom, Will+ Str+3 Int+2}
  4724 | D:6      | Reached skill level 1 in Short Blades
  5051 | D:7      | Noticed Jeremiah
  5079 | D:7      | Killed Jeremiah
  5080 | D:7      | Reached XP level 10. HP: 21/61 MP: 10/10
  5332 | D:7      | Noticed Menkaure
  5338 | D:7      | Killed Menkaure
  5722 | D:7      | Found a runed translucent gate.
  5723 | D:7      | Found a runed translucent gate.
  5723 | D:7      | Found a runed translucent gate.
  5723 | D:7      | Noticed mn3067's ghost (novice TrSh)
  5809 | D:7      | Noticed a moth of wrath
  5811 | D:7      | Found a bloodstained altar of Trog.
  6244 | D:8      | Identified the orb "Ceuji" {light, Harm Str+6}
  6344 | D:8      | Reached skill level 1 in Stealth
  6435 | D:8      | Reached skill level 5 in Short Blades
  6446 | D:8      | Reached skill level 5 in Shields
  6850 | D:8      | Noticed a green ugly thing
  6874 | D:8      | Identified the staff "Ysedit" {rElec rC- rCorr Dex+2 Air}
  6894 | D:8      | Reached XP level 11. HP: 68/68 MP: 11/11
  6932 | D:8      | Killed a green ugly thing
  7024 | D:8      | Found a staircase to the Lair.
  7937 | Lair:1   | Entered Level 1 of the Lair of Beasts
  7957 | Lair:1   | Identified a scroll of acquirement
  7957 | Lair:1   | Acquired a manual of Shields
  7965 | Lair:1   | Demolished by a komodo dragon

Illustrated notes

Levels and vault maps discovered:
D:1:      dpeg_arrival_simpleton_c, layout_loops_ring, serial_shops, shop
D:2:      layout_rooms, hellmonk_ecumenical_altar_run_dry
D:3:      layout_rooms, serial_undead, serial_undead_e, serial_undead_d,
          serial_undead_d, serial_undead_c, uniq_robin, uniq_terence
D:4:      layout_rooms, lemuel_crystal_altar, minmay_temple_entry_ruins,
          nicolae_shop_sticking_my_neck_out
D:5:      layout_loops_ring, uniq_eustachio
D:6:      lemuel_ratsnest, layout_basic, minmay_pentangle
D:7:      layout_loops_ring, tgw_trog, ebering_ghost_rock_garden,
          minmay_circle_x, uniq_menkaure, uniq_jeremiah
D:8:      minmay_clustersquares, layout_basic, lair_entry_dummy
Lair:1:   layout_big_grid

Skill      XL: |  1  2  3  4  5  6  7  8  9 10 11 |
---------------+----------------------------------+-----
Axes           | 3 4 5 6 7 8 |  8.3
Armour         | 3 4 5 6 7 8 |  8.6
Shields        | 1 2 3 4 5 |  5.1
Fighting       | 4 5 6 7 8 |  8.1
Dodging        | 2 3 4 |  4.6
Short Blades   | 3 6 |  6.9
Stealth        | 1 |  1.7

Action                     |  1- 3 |  4- 6 |  7- 9 | 10-12 || total
---------------------------+-------+-------+-------+-------++-------
  Melee: Hand axe          |   124 |   225 |   217 |     2 ||   568
         Punch             |     2 |       |       |       ||     2
         Short sword       |       |       |   166 |   457 ||   623
 Invoke: Berserk           |       |     3 |     8 |     6 ||    17
         Trog's Hand       |       |     2 |     9 |     5 ||    16
    Use: Scroll            |     2 |     9 |     7 |     6 ||    24
         Potion            |       |       |       |     4 ||     4
 Armour: Animal skin       |    29 |       |       |       ||    29
         Chain mail        |    70 |   241 |   324 |   221 ||   856
         Ring mail         |     2 |       |       |       ||     2
         Acid dragon scale |       |       |       |   103 ||   103
  Dodge: Dodged            |    76 |   135 |   179 |   214 ||   604
  Block: Buckler           |     6 |    55 |    76 |    35 ||   172

Table legend: (Time is in decaauts)
 A = Elapsed time spent in this place.
 B = Non-inter-level travel time spent in this place.
 C = Inter-level travel time spent in this place.
 D = Time resting spent in this place.
 E = Time spent auto-exploring this place.
 F = Levels seen in this place.
 G = Mean time per level.
                   A        B        C        D        E       F      G
               +--------+--------+--------+--------+--------+-----+--------+
         Total |   8026 |   7584 |    442 |    317 |   4874 |   9 |  891.8 |
       Dungeon |   8004 |   7563 |    441 |    317 |   4874 |   8 | 1000.5 |
          Lair |     22 |     22 |      0 |      0 |      0 |   1 |   22.0 |
               +--------+--------+--------+--------+--------+-----+--------+

Top non-repeatable levels by time:
     D:8: 1667 daAuts
     D:7: 1329 daAuts
     D:6: 1308 daAuts
     D:5: 913 daAuts
     D:1: 908 daAuts
     D:2: 631 daAuts
     D:4: 631 daAuts
     D:3: 613 daAuts
  Lair:1: 22 daAuts
